 Dungeon Crawl Stone Soup version 0.19.5 (webtiles) character file.

51 Azzok the Shooter (level 3, 0/29 HPs)
             Began as a Centaur Hunter on June 6, 2017.
             Was an Initiate of Okawaru.
             Slain by a gnoll
             ... wielding a +0 whip
              (7 damage)
             ... on level 2 of the Dungeon.
             The game lasted 00:04:23 (2504 turns).

Azzok the Shooter (Centaur Hunter)                  Turns: 2504, Time: 00:04:24

Health: 0/29       AC:  6    Str: 15    XL:     3   Next: 57%
Magic:  3/3        EV:  9    Int: 10    God:    Okawaru [......]
Gold:   80         SH:  0    Dex:  9    Spells: 0 memorised, 2 levels left

rFire  . . .     SeeInvis .     m - -1 mace (curse)
rCold  . . .     Gourm    .     c - +0 leather armour
rNeg   . . .     Faith    .     (no shield)
rPois  .         Spirit   .     h - +1 helmet
rElec  .         Reflect  .     (no cloak)
rCorr  .         Harm     .     (no gloves)
MR     .....                    (no barding)
Stlth  +.........               (no amulet)
                                (no ring)
                                (no ring)

@: very quick
A: hooves 3, deformed body, speed 2, tough skin 3
a: Renounce Religion


You were on level 2 of the Dungeon.
You worshipped Okawaru.
Okawaru was noncommittal.
You were not hungry.

You visited 1 branch of the dungeon, and saw 2 of its levels.

You collected 80 gold pieces.

Inventory:

Hand Weapons
 a - a +1 shortbow
 b - a +1 short sword
 m - a cursed -1 mace (weapon)
Missiles
 d - 33 arrows
Armour
 c - a +0 leather armour (worn)
 h - a +1 helmet (worn)
Jewellery
 j - an uncursed ring of poison resistance {unknown}
Scrolls
 i - a scroll of amnesia
 p - a scroll of recharging
Potions
 e - a potion of berserk rage {unknown}
 l - a potion of curing {unknown}
 n - a potion of might {unknown}
 q - a potion of agility {unknown}
Comestibles
 f - a bread ration {@e1}
 g - 2 fruits
 k - 2 slices of pizza
 o - 2 chunks of flesh {@w0}


   Skills:
 - Level 2.0 Fighting
 * Level 7.1 Bows
 - Level 1.3 Dodging
 - Level 0.4 Stealth


You had 2 spell levels left.
You didn't know any spells.

Dungeon Overview and Level Annotations

Branches:
Dungeon (2/15)

Altars:
Okawaru

Annotations:
D:2 1 runed door


Innate Abilities, Weirdness & Mutations

You have hooves in place of feet.
Armour fits poorly on your strangely shaped body.
You cover ground very quickly.
You have extremely tough skin. (AC +3)


Message History

The gnoll is moderately wounded.
The gnoll misses you. The gnoll barely misses you.
You hit the gnoll.
The gnoll is heavily wounded.
The gnoll hits you but does no damage.
You hit the gnoll but do no damage. Your kick misses the gnoll.
The gnoll is moderately wounded.
The gnoll hits you but does no damage. The gnoll closely misses you.
You hit the gnoll but do no damage. Your kick misses the gnoll.
The gnoll is moderately wounded.
The gnoll barely misses you.
You hit the gnoll.
The gnoll is heavily wounded.
The gnoll hits you with a whip.
* * * LOW HITPOINT WARNING * * *
You take 4 damage, and have 7/29 hp.
You hit the gnoll but do no damage. You kick the gnoll, but do no damage.
The gnoll is heavily wounded.
The gnoll hits you with a whip!
You die...

····▒▒▒·▒ ·····▒▒'▒▒▒
··▒▒▒ ·····▒····▒ ·····
··········▒ ······
▒····▒····▒ ······
▒····▒····▒▒▒▒▒╬▒▒▒······
▒▒·)······▒··············
▒▒····▒·········g······▒
·╬·············>@<··▒
···▒▒▒▒▒·▒·▒▒·▒'▒▒▒·▒
♣··♣ ▒·····▒▒·······▒▒▒
♣·♣♣ ▒····▒▒▒···(·r···▒·
♣·♣ ▒····▒ ▒···········
♣·♣ ▒····▒▒▒···(·▒▒▒·▒·
♣·♣ ▒·····▒▒·▒▒·▒▒····
··♣ ▒·····▒▒·▒▒·▒▒·▒ ·♣♣
▒······▒·▒▒†g··▒


You could see a gnoll.

Vanquished Creatures
  Robin (D:2)
  2 dart slugs
  3 giant cockroaches (D:1)
  10 goblins
  A hobgoblin (D:1)
  5 kobolds
  A quokka (D:2)
  A ball python (D:1)
  4 bats
  3 frilled lizards
  4 rats
35 creatures vanquished.

Notes
Turn   | Place    | Note
-------+----------+-------------------------------------------
     0 | D:1      | Azzok the Centaur Hunter began the quest for the Orb.
     0 | D:1      | Reached XP level 1. HP: 17/17 MP: 1/1
   612 | D:1      | Reached XP level 2. HP: 15/24 MP: 2/2
   989 | D:1      | Reached skill level 6 in Bows
  1024 | D:2      | Found an iron altar of Okawaru.
  1170 | D:2      | Became a worshipper of Warmaster Okawaru
  1172 | D:2      | Noticed Robin
  1793 | D:1      | Reached XP level 3. HP: 8/29 MP: 3/3
  2128 | D:2      | Killed Robin
  2232 | D:2      | Found a runed door.
  2363 | D:2      | Reached skill level 7 in Bows
  2504 | D:2      | Slain by a gnoll

Skill      XL: |  1  2  3 |
---------------+----------+-----
Bows           | 6 7 |  7.1
Fighting       | |  2.0
Dodging        | |  1.3
Stealth        | |  0.4

Action                   || total
-------------------------++-------
Melee: Short sword       ||    34
       Mace              ||    89
       Kick              ||    26
  Use: Scroll            ||     6
  Eat: Chunk             ||     4
Armor: Leather armour    ||    46
Dodge: Dodged            ||    67
